 Dungeon Crawl Stone Soup version 0.29.1-12-g30fa7ad0bf (webtiles) character file.

Game seed: 14624460769569736579

113605 wingedge the Brawler (level 16, -13/210 HPs)
             Began as a Palentonga Transmuter on Jan 13, 2023.
             Was a High Priest of Trog.
             Mangled by a cyan very ugly thing (26 damage)
             ... on level 15 of the Dungeon.
             The game lasted 01:27:49 (19716 turns).

wingedge the Brawler (Palentonga Transmuter)       Turns: 19716, Time: 01:27:50

Health: -13/210    AC: 38    Str: 38    XL:     16   Next: 14%
Magic:  10/10      EV:  8    Int: 17    God:    Trog [*****.]
Gold:   630        SH:  0    Dex: 10    Spells: 16/19 levels left

rFire   + . .      SeeInvis +     - Unarmed
rCold   + . .      Faith    .   (no shield)
rNeg    . . .      Spirit   .   j - +10 gold dragon scales of Lifelessness {Harm rPois rF+ rC+ Regen+ MP-9 Dex+7}
rPois   +          Reflect  .   q - +0 helmet of the Planets {+Blink Str+10 Dex-3 Stlth-}
rElec   .          Harm     +   J - scarf {repulsion}
rCorr   +          Rampage  .   X - +1 pair of gloves of Lysmuf {Fly rCorr Str+5 Dex-5}
Will    ++...                   (no barding)
Stlth   ..........              L - amulet of Ijyceka {Regen+ Int+3}
HPRegen 2.05/turn               O - ring of willpower
MPRegen 0.12/turn               h - +4 ring of slaying

@: berserking, flying, studying Armour, repel missiles, curled up, very quick
A: large, rugged brown scales 3, see invisible, deformed body, roll 1, armoured
tail, reflexive curl
a: Rolling Charge, Renounce Religion, Evoke Blink, Berserk, Trog's Hand,
Brothers in Arms


You were on level 15 of the Dungeon.
You worshipped Trog.
Trog was extremely pleased with you.
You visited 4 branches of the dungeon, and saw 23 of its levels.
You also visited: Sewer and Ice Cave.

You collected 2333 gold pieces.
You spent 1703 gold pieces at shops.

Inventory:

Hand Weapons
 P - a +4 antimagic great sword
Missiles
 g - 6 throwing nets
 y - a curare-tipped dart
 K - 2 javelins
 V - 10 boomerangs
Armour
 j - the +10 gold dragon scales of Lifelessness (worn) {Harm rPois rF+ rC+ Regen+ MP-9 Dex+7}
   (You found it on level 4 of the Dungeon)

   Dex:       It affects your dexterity (+7).
   rF:        It protects you from fire.
   rC:        It protects you from cold.
   rPois:     It protects you from poison.
   MP:        It affects your magic capacity (-9).
   Regen:     It increases your rate of health regeneration.
   Harm:      It increases damage dealt and taken.
 q - the +0 helmet of the Planets (worn) {+Blink Str+10 Dex-3 Stlth-}
   (You found it on level 6 of the Dungeon)

   Str:       It affects your strength (+10).
   Dex:       It affects your dexterity (-3).
   +Blink:    It lets you blink.
   Stlth:     It makes you less stealthy.
 J - a scarf of repulsion (worn)
 S - a scarf of resistance
 X - the +1 pair of gloves of Lysmuf (worn) {Fly rCorr Str+5 Dex-5}
   (You bought it in a shop on level 15 of the Dungeon)

   Str:       It affects your strength (+5).
   Dex:       It affects your dexterity (-5).
   Fly:       It grants you flight.
   rCorr:     It protects you from acid and corrosion.
Jewellery
 h - a +4 ring of slaying (right hand)
 i - a ring of resist corrosion
 L - the amulet of Ijyceka (around neck) {Regen+ Int+3}
   (You found it on level 5 of the Lair of Beasts)

   [amulet of regeneration]

   Int:       It affects your intelligence (+3).
   Regen:     It increases your rate of health regeneration.
 O - a ring of willpower (left hand)
 R - a ring of protection from fire
 T - a ring of protection from cold
 W - the ring of Diufuor {rPois rN+}
   (You found it on level 15 of the Dungeon)

   [ring of positive energy]

   rPois:     It protects you from poison.
   rN:        It protects you from negative energy.
Wands
 b - a wand of mindburst (13)
 l - a wand of quicksilver (5)
 m - a wand of iceblast (26)
 v - a wand of polymorph (19)
 C - a wand of flame (5)
 F - a wand of charming (29)
Scrolls
 f - 3 scrolls of fog
 p - 2 scrolls of summoning
 r - 2 scrolls of enchant armour
 t - 9 scrolls of teleportation
 w - a scroll of silence
 A - 5 scrolls of blinking
 H - 5 scrolls of poison
 I - 2 scrolls of magic mapping
 U - a scroll of fear
Potions
 a - 4 potions of attraction
 c - 6 potions of heal wounds
 d - 3 potions of might
 k - 2 potions of resistance
 o - 2 potions of flight
 s - 9 potions of invisibility {unknown}
 x - 3 potions of cancellation {unknown}
 z - 7 potions of curing
 B - 5 potions of ambrosia {unknown}
 D - 2 potions of lignification
 E - 3 potions of berserk rage {unknown}
 G - 3 potions of mutation {unknown}
 M - a potion of magic {unknown}
 Q - a potion of haste
Miscellaneous
 e - a phial of floods
 n - a condenser vane


   Skills:
 + Level 13.4 Fighting
 - Level 5.0 Throwing
 + Level 14.4 Armour
 + Level 8.5 Dodging
 + Level 17.6 Unarmed Combat
 - Level 2.0 Spellcasting
 - Level 4.8 Transmutations
 - Level 1.9 Ice Magic
 + Level 9.5 Evocations


You had 16 spell levels left.
You knew the following spells:

 Your Spells              Type           Power      Damage    Failure   Level
a - Beastly Appendage     Tmut           36%        N/A       26%         1
b - Wereblood             Tmut           18%        N/A       36%         2

Your spell library contained the following spells:

 Spells                   Type           Power      Damage    Failure   Level
 Spider Form              Tmut/Pois      9%         N/A       91%         3
 Confusing Touch          Hex            1%         N/A       99%         3
 Ice Form                 Ice/Tmut       13%        N/A       99%         4
 Freezing Cloud           Conj/Ice/Air   1%         6-21      100%        5
 Yara's Violent Unravell  Hex/Tmut       4%         3d4       100%        5
 Simulacrum               Ice/Necr       2%         N/A       100%        6
 Enfeeble                 Hex            0%         N/A       100%        7
 Polar Vortex             Ice            4%         N/A       100%        9


Dungeon Overview and Level Annotations

Branches:
Dungeon (15/15)            Temple (1/1) D:4            Lair (5/5) D:8
 Shoals (0/4) Lair:2        Snake (0/4) Lair:3        Slime (0/5) Lair:4
    Orc (2/2) D:11            Elf (0/3) Orc:2        Vaults (0/5) D:13
  Sewer (visited)           IceCv (visited)
 Depths: D:15

Altars:
Ashenzari
Cheibriados
Dithmenos
Elyvilon
Fedhas
Gozag
Hepliaklqana
Kikubaaqudgha
Makhleb
Nemelex Xobeh
Okawaru
Qazlal
Ru
Sif Muna
Trog
Uskayaw
Vehumet
Wu Jian
Xom
Yredelemnul
Zin
The Shining One
Jiyva

Shops:
D:3 (   D:6 :   D:14 *   D:15 [   Orc:2 !:=[*


Innate Abilities, Weirdness & Mutations

You are completely covered in rugged brown scales. (AC +3, +7% HP)
You have supernaturally acute eyesight. (SInv)
Armour fits poorly on your strangely shaped body.
You can roll at nearby foes to attack.
You have a long armoured tail.
You curl defensively after being hit. (AC +7*)


Message History

The cyan very ugly thing claws you! The cyan very ugly thing shocks you!!
You pummel the very large slime creature like a punching bag!!!
You tail-slap the very large slime creature!!
The very large slime creature is severely wounded.
The very large slime creature hits you!!
The cyan very ugly thing claws you but does no damage.
A red film seems to cover your vision as you go berserk!
You feel yourself moving faster!
You feel mighty! The slime creature hits you.
The very large slime creature hits you!!!
* * * LOW HITPOINT WARNING * * *
Two slime creatures merge to form an enormous slime creature.
The cyan very ugly thing claws you but does no damage.
You punch the enormous slime creature!
The enormous slime creature is heavily wounded.
The slime creature barely misses you.
You pummel the enormous slime creature!!
The enormous slime creature is severely wounded.
You pummel the enormous slime creature!!
You tail-slap the enormous slime creature.
You punch the enormous slime creature!!!
The enormous slime creature is almost dead.
The cyan very ugly thing claws you.
* * * LOW HITPOINT WARNING * * *
The cyan very ugly thing shocks you!!
* * * LOW HITPOINT WARNING * * *
The slime creature hits you but does no damage.
You barely miss the enormous slime creature.
The enormous slime creature is almost dead.
You are too berserk!
You are too berserk!
Unknown command.
Okay, then.
Unknown command.
You pummel the enormous slime creature!!
You kill the enormous slime creature!
Trog accepts your kill. The cyan very ugly thing claws you.
* * * LOW HITPOINT WARNING * * *
The cyan very ugly thing shocks you!!
You die...

..###.....# #........##
........## ..=.....#
........## .........# #### #
....#...## ##..##.##
...###..# ###u...##.## ...#
#..# #..@....'..# ...###.?#
#..#J...##..### .......)#
....###.)##.....#
......####.#. #.####.##.###
......#..######...##..###
....##....#..........##.#
.#...............#......###
#####............#........#
##.#..................#...##


You could see a cyan very ugly thing and a slime creature.

Vanquished Creatures
  Kirke (Lair:4)
  A reaper (IceCv)
  4 dire elephants (Lair:5)
  The ghost of Wuakas the Fighter, a journeyman GrFi of Okawaru (Lair:4)
  The ghost of fitz the Fighter, a journeyman DsGl of Hepliaklqana (Lair:1)
  Erolcha (Orc:2)
  5 vault guards (D:13)
  9 hydras
  A rakshasa (D:15)
  A boulder beetle (D:13)
  5 ogre magi
  10 death yaks
  8 two-headed ogres
  A death knight (D:14)
  3 centaur warriors
  Nergalle (Orc:2)
  5 skeletal warriors (D:13)
  A spectral anaconda (Lair:5)
  An obsidian statue (Lair:5)
  5 deep elf pyromancers
  2 orc knights (D:15)
  A wizard (D:13)
  2 phantasmal warriors (D:14)
  14 ugly things
  A lindwurm (Lair:5)
  A wolf spider (D:15)
  A deep elf zephyrmancer (D:14)
  2 oklob plants (Lair:4)
  4 necromancers (Lair:5)
  9 orc sorcerers
  19 elephants
  6 cyclopes
  3 manticores
  A merfolk siren (Lair:2)
  9 black mambas
  2 ice statues (IceCv)
  A gargoyle (D:10)
  An unseen horror (D:12)
  13 cane toads
  3 freezing wraiths
  A torpor snail (Lair:2)
  2 yaktaurs (D:13)
  A rime drake (Lair:5)
  An anaconda simulacrum (IceCv)
  12 komodo dragons
  6 ice devils (IceCv)
  A merfolk (Lair:2)
  4 red devils (D:15)
  A queen bee (shapeshifter) (D:15)
  3 polar bears
  2 trolls
  Grinder (D:3)
  2 hornets
  4 slime creatures
  A wind drake (shapeshifter) (D:13)
  40 blink frogs
  2 spectral elephants (Lair:5)
  Sigmund (D:3)
  A jumping spider (shapeshifter) (D:15)
  4 shadows
  2 wraiths (D:14)
  5 wyverns
  A dire elephant simulacrum (Lair:5)
  A hog (Lair:4)
  A hog (shapeshifter) (D:14)
  6 basilisks
  21 yaks
  2 steam dragons
  10 vampire mosquitoes
  2 death yak simulacra
  Menkaure (D:4)
  2 harpy simulacra (IceCv)
  A spectral cane toad (Lair:5)
  3 wargs
  4 acid dragons
  A hydra simulacrum (IceCv)
  2 nagas (Lair:3)
  15 water moccasins
  2 swamp drakes (Lair:4)
  A sky beast (D:6)
  3 ice beasts
  16 orc warriors
  2 elephant zombies (Lair:5)
  3 black bears
  20 wolves
  12 ogres
  2 phantoms
  4 centaurs
  6 kobold brigands
  11 bullfrogs
  A gnoll sergeant (Orc:1)
  2 scorpions (D:6)
  2 cane toad simulacra
  A two-headed ogre simulacrum (IceCv)
  4 wights (D:8)
  6 killer bees
  6 howler monkeys
  3 electric eels
  4 jellies
  18 orc priests
  Crazy Yiuf (D:3)
  4 gnoll boudas
  5 hounds
  Ijyb (D:3)
  Terence (D:3)
  3 iguanas
  42 orc wizards
  6 troll simulacra (IceCv)
  A polar bear simulacrum (IceCv)
  4 spriggan simulacra (IceCv)
  2 wolf simulacra (IceCv)
  22 gnolls
  15 adders
  2 river rats
  A naga simulacrum (IceCv)
  A shadow imp (D:5)
  4 white imps
  3 ufetubi
  2 worms
  3 dart slugs
  80 orcs
  6 ball pythons
  2 bats (D:1)
  13 endoplasms
  7 giant cockroaches
  5 goblins
  6 hobgoblins
  11 jackals
  2 quokkas
  3 frilled lizards
  27 kobolds
  11 rats
  A fungus (Lair:5)
756 creatures vanquished.

Vanquished Creatures (collateral kills)
  The ghost of mikeweasel the Cleaver, a journeyman TrFi of Xom (Orc:1)
  A hydra (Lair:4)
  A death yak (Lair:2)
  An orc knight (Orc:1)
  A yak (Lair:2)
  A warg (Orc:1)
  2 orc warriors (Orc:2)
  An ogre (Orc:2)
  A bullfrog (Lair:2)
  2 orc priests (Orc:2)
  4 orcs (Orc:2)
16 creatures vanquished.

Vanquished Creatures (others)
  A human (Lair:4)
  21 fungi
  27 plants
  19 withered plants (Lair:5)
68 creatures vanquished.

Grand Total: 840 creatures vanquished

Notes
Turn   | Place    | Note
-------+----------+-------------------------------------------
     0 | D:1      | wingedge the Palentonga Transmuter began the quest for the
                  | Orb.
     0 | D:1      | Reached XP level 1. HP: 16/16 MP: 3/3
   269 | D:1      | Found a faded altar of an unknown god.
   314 | D:1      | Reached XP level 2. HP: 22/22 MP: 5/5
  1122 | D:2      | Reached skill level 4 in Unarmed Combat
  1383 | D:2      | Reached XP level 3. HP: 27/27 MP: 4/6
  1386 | D:2      | Learned a level 2 spell: Wereblood
  1832 | D:3      | Noticed Ijyb
  1852 | D:3      | Killed Ijyb
  1853 | D:3      | Reached XP level 4. HP: 11/35 MP: 7/7
  2280 | D:3      | Found a glowing drain.
  2289 | Sewer    | Entered a sewer
  2326 | Sewer    | Noticed a kobold brigand
  2328 | Sewer    | Killed a kobold brigand
  2329 | Sewer    | Reached skill level 5 in Unarmed Combat
  2329 | Sewer    | Reached XP level 5. HP: 40/40 MP: 6/8
  2691 | Sewer    | Reached XP level 6. HP: 47/47 MP: 9/9
  2706 | Sewer    | Reached skill level 6 in Unarmed Combat
  3191 | D:3      | Noticed Sigmund
  3198 | D:3      | Killed Sigmund
  3199 | D:3      | Gained mutation: You curl defensively after being hit. (AC
                  | +7*) [Palentonga growth]
  3199 | D:3      | Reached XP level 7. HP: 48/55 MP: 8/10
  3250 | D:3      | Noticed Grinder
  3250 | D:3      | Paralysed by Grinder for 4 turns
  3258 | D:3      | Paralysed by Grinder for 5 turns
  3269 | D:3      | Killed Grinder
  3270 | D:3      | Reached skill level 1 in Ice Magic
  3441 | D:3      | Noticed Terence
  3443 | D:3      | Killed Terence
  3726 | D:3      | Found a runed translucent door.
  3727 | D:3      | Noticed Crazy Yiuf
  3738 | D:3      | Killed Crazy Yiuf
  4048 | D:3      | Found Utuesagg's Weapon Shoppe.
  4174 | D:4      | Reached skill level 7 in Unarmed Combat
  4196 | D:4      | Noticed Menkaure
  4197 | D:4      | Identified the +10 gold dragon scales of Lifelessness {Harm
                  | rPois rF+ rC+ Regen+ MP-9 Dex+7}
  4199 | D:4      | Killed Menkaure
  4544 | D:4      | Reached XP level 8. HP: 61/64 MP: 2/11
  4645 | D:4      | Found a staircase to the Ecumenical Temple.
  4675 | Temple   | Entered the Ecumenical Temple
  4838 | Temple   | Became a worshipper of Trog the Wrathful
  4997 | D:4      | Reached skill level 1 in Armour
  5039 | D:4      | Reached * piety under Trog
  5215 | D:4      | Found a blossoming altar of Fedhas.
  5459 | D:5      | Entered Level 5 of the Dungeon
  5654 | D:5      | Reached skill level 1 in Throwing
  5658 | D:5      | Reached skill level 5 in Fighting
  5775 | D:5      | Reached XP level 9. HP: 72/72 MP: 3/12
  6151 | D:6      | Reached skill level 8 in Unarmed Combat
  6188 | D:6      | Reached ** piety under Trog
  6276 | D:6      | Found Seppux's Self-Improvement Boutique.
  6346 | D:6      | Reached skill level 1 in Evocations
  6441 | D:6      | Reached skill level 5 in Armour
  6482 | D:6      | Identified the +0 helmet of the Planets {+Blink Str+10
                  | Dex-3 Stlth-}
  6515 | D:6      | Identified the +4 leather armour of the Doomed Griffon
                  | {Int+9}
  6843 | D:7      | Found an ancient bone altar of Kikubaaqudgha.
  7467 | D:8      | Reached XP level 10. HP: 77/82 MP: 4/13
  7573 | D:8      | Found a staircase to the Lair.
  7623 | D:8      | Found a sparkling altar of Nemelex Xobeh.
  7626 | D:8      | Found a stormy altar of Qazlal.
  7627 | D:8      | Found a white marble altar of Elyvilon.
  7629 | D:8      | Found a glowing golden altar of the Shining One.
  7630 | D:8      | Found an iron altar of Okawaru.
  7753 | D:8      | Reached *** piety under Trog
  7764 | D:8      | Reached skill level 9 in Unarmed Combat
  7790 | D:8      | Identified a scroll of acquirement
  7791 | D:8      | Acquired a manual of Unarmed Combat
  8167 | Lair:1   | Entered Level 1 of the Lair of Beasts
  8182 | Lair:1   | Noticed a four-headed hydra
  8184 | Lair:1   | Noticed a black mamba
  8190 | Lair:1   | Killed a four-headed hydra
  8193 | Lair:1   | Killed a black mamba
  8217 | Lair:1   | You fall into a shaft and drop 1 floor!
  8306 | Lair:2   | Noticed a cane toad
  8306 | Lair:2   | Noticed a black mamba
  8307 | Lair:2   | Killed a cane toad
  8308 | Lair:2   | Reached skill level 10 in Unarmed Combat
  8315 | Lair:2   | Killed a black mamba
  8530 | Lair:2   | Noticed a cane toad
  8533 | Lair:2   | Killed a cane toad
  8592 | Lair:2   | Noticed a torpor snail
  8595 | Lair:2   | Noticed a death yak
  8595 | Lair:2   | Noticed a cane toad
  8595 | Lair:2   | Noticed a black mamba
  8595 | Lair:2   | Noticed a black mamba
  8605 | Lair:2   | Killed a torpor snail
  8606 | Lair:2   | Reached XP level 11. HP: 66/92 MP: 5/14
  8613 | Lair:2   | Killed a death yak
  8620 | Lair:2   | Reached skill level 11 in Unarmed Combat
  8722 | Lair:2   | Noticed a six-headed hydra
  8730 | Lair:2   | Noticed a death yak
  8732 | Lair:2   | Killed a six-headed hydra
  8733 | Lair:2   | Reached skill level 12 in Unarmed Combat
  8740 | Lair:2   | Killed a death yak
  9115 | Lair:2   | Found a staircase to the Shoals.
  9372 | Lair:1   | Noticed an eight-headed hydra
  9378 | Lair:1   | Killed an eight-headed hydra
  9379 | Lair:1   | Reached skill level 13 in Unarmed Combat
  9379 | Lair:1   | Reached skill level 5 in Evocations
  9420 | Lair:1   | Reached XP level 12. HP: 62/98 MP: 6/15
  9721 | Lair:1   | Reached **** piety under Trog
  9886 | Lair:1   | Found a runed translucent door.
  9887 | Lair:1   | Noticed fitz's ghost (journeyman DsGl)
  9899 | Lair:1   | Killed fitz's ghost
 10138 | Lair:3   | Reached skill level 14 in Unarmed Combat
 10226 | Lair:3   | Noticed a five-headed hydra
 10228 | Lair:3   | Killed a five-headed hydra
 10269 | Lair:3   | Found a staircase to the Snake Pit.
 10273 | Lair:3   | Reached skill level 5 in Dodging
 10722 | Lair:4   | Found a runed translucent gate.
 10725 | Lair:4   | Noticed a six-headed hydra
 10733 | Lair:4   | Killed a six-headed hydra
 10759 | Lair:4   | Found a runed translucent gate.
 10760 | Lair:4   | Found a runed translucent gate.
 10762 | Lair:4   | Noticed Wuakas's ghost (journeyman GrFi)
 10762 | Lair:4   | Noticed a 13-headed hydra
 10762 | Lair:4   | Noticed an 11-headed hydra
 10784 | Lair:4   | Killed an 11-headed hydra
 10784 | Lair:4   | Killed a 13-headed hydra
 10785 | Lair:4   | Reached skill level 15 in Unarmed Combat
 10789 | Lair:4   | Killed Wuakas's ghost
 10815 | Lair:4   | Identified the +6 war axe "Arcanum" {freeze, rPois rN+
                  | Dex-3}
 11014 | Lair:4   | Noticed Kirke
 11023 | Lair:4   | Killed Kirke
 11024 | Lair:4   | Reached XP level 13. HP: 91/108 MP: 7/16
 11109 | Lair:4   | Found a viscous altar of Jiyva.
 11109 | Lair:4   | Found a staircase to the Slime Pits.
 11591 | Lair:5   | Entered Level 5 of the Lair of Beasts
 11601 | Lair:5   | Reached skill level 10 in Armour
 11703 | Lair:5   | Reached skill level 16 in Unarmed Combat
 11744 | Lair:5   | Reached skill level 10 in Fighting
 11834 | Lair:5   | Reached ***** piety under Trog
 12152 | Lair:5   | Reached XP level 14. HP: 113/118 MP: 8/17
 12318 | D:6      | Bought a manual of Armour for 880 gold pieces
 12905 | Lair:5   | Identified the amulet of Ijyceka {Regen+ Int+3}
 13736 | D:9      | Found a shimmering altar of Xom.
 13768 | D:9      | Found a sacrificial altar of Ru.
 14198 | D:10     | Entered Level 10 of the Dungeon
 14595 | D:11     | Found a staircase to the Orcish Mines.
 14768 | D:11     | Found a glowing golden altar of the Shining One.
 15384 | Orc:1    | Entered Level 1 of the Orcish Mines
 15532 | Orc:1    | Reached ****** piety under Trog
 15705 | Orc:1    | Found a runed translucent gate.
 15706 | Orc:1    | Found a runed translucent gate.
 15706 | Orc:1    | Noticed mikeweasel's ghost (journeyman TrFi)
 15707 | Orc:1    | Found a runed translucent gate.
 15716 | Orc:1    | Killed mikeweasel's ghost
 15938 | Orc:2    | Entered Level 2 of the Orcish Mines
 15946 | Orc:2    | Identified the +8 glaive of Might {vorpal, *Slow rN+ Str+9}
                  | (Trog gifted it to you on level 2 of the Orcish Mines)
 15946 | Orc:2    | Received a gift from Trog
 15959 | Orc:2    | Found a staircase to the Elven Halls.
 16000 | Orc:2    | Found Duggu's Gadget Gallery.
 16096 | Orc:2    | Reached skill level 5 in Throwing
 16272 | Orc:2    | Found Seraadu's Antique Armour Emporium.
 16291 | Orc:2    | Bought a pair of gloves for 126 gold pieces
 16308 | Orc:2    | Found Cecweduc's Jewellery Shoppe.
 16323 | Orc:2    | Bought a ring of willpower for 325 gold pieces
 16338 | Orc:2    | Found a radiant altar of Vehumet.
 16338 | Orc:2    | Noticed Erolcha
 16341 | Orc:2    | Killed Erolcha
 16342 | Orc:2    | Reached XP level 15. HP: 128/128 MP: 9/18
 16356 | Orc:2    | Noticed Nergalle
 16357 | Orc:2    | Received a gift from Trog
 16358 | Orc:2    | Found an ancient bone altar of Kikubaaqudgha.
 16358 | Orc:2    | Killed Nergalle
 16387 | Orc:2    | Found Naaxocid's Book Shoppe.
 16420 | Orc:2    | Found Kaemevou's Distillery.
 16432 | Orc:2    | Bought a potion of haste for 140 gold pieces
 16432 | Orc:2    | Bought a potion of degeneration for 14 gold pieces
 16771 | D:12     | Reached skill level 17 in Unarmed Combat
 17380 | D:13     | Found a gate to the Vaults.
 17422 | D:13     | Found a frozen archway.
 17437 | IceCv    | Entered an ice cave
 18006 | D:13     | Received a gift from Trog
 18404 | D:14     | Found an iron altar of Okawaru.
 19047 | D:14     | Found Titesm's Demolitions Depot.
 19153 | D:15     | Entered Level 15 of the Dungeon
 19265 | D:15     | Reached XP level 16. HP: 122/140 MP: 10/19
 19290 | D:15     | Received a gift from Trog
 19380 | D:15     | Identified the ring of Diufuor {rPois rN+}
 19419 | D:15     | Found Apualur's Antique Armour Boutique.
 19427 | D:15     | Bought a pair of warped gloves for 218 gold pieces
 19427 | D:15     | Identified the +1 pair of gloves of Lysmuf {Fly rCorr Str+5
                  | Dex-5} (You bought it in a shop on level 15 of the Dungeon)
 19669 | D:15     | Found a snail-covered altar of Cheibriados.
 19716 | D:15     | Mangled by a cyan very ugly thing

Illustrated notes

Levels and vault maps discovered:
D:1:      scummos_arrival_gate, layout_basic, nicolae_ecumenical_lake_church
D:2:      layout_loops_cross
D:3:      layout_loops_cross, serial_shops, nicolae_shop_crystal,
          portal_sewer_entry_e, serial_park_tiny_2, minivault_19, uniq_ijyb,
          uniq_sigmund, uniq_grinder, uniq_terence, uniq_crazy_yiuf_cottage
D:4:      layout_loops_ring, overflow_temple_1_default,
          minmay_temple_entry_statues, uniq_menkaure
D:5:      lemuel_ice_spiral_2, layout_basic
D:6:      layout_rooms, st_stairs_10, minivault_23, nicolae_shop_self_help
D:7:      layout_basic, kiku_gazebo_pond_becter
D:8:      layout_basic, minitemple, lair_entry_dummy
D:9:      layout_long_grid, mainiacjoe_overflow_two_lobes
D:10:     layout_rooms
D:11:     layout_roguey, orc_0_dummy, nicolae_tso_carved_into_rock
D:12:     layout_basic
D:13:     layout_basic, grunt_vaults_entry_fortified,
          portal_ice_cave_entry_pillars_2
D:14:     kennysheep_spiral_hall, layout_loops_corners,
          okawaru_metal_pillars_1_2, nrook_campfire, nicolae_blasting_shop,
          nicolae_kite_square_tiling_tiny, minivault_20
D:15:     gammafunk_enter_depths_forms, layout_cave_pools, serial_shops, shop,
          lemuel_coloured_pillars_altar, einodemon_armed_red_devil_minivault
Temple:   nicolae_temple_bog_church
Lair:1:   layout_chaotic_city, ebering_ghost_inner_flame, serial_bayou_shore_b
Lair:2:   nzn_winding_woodlands_stair_cross [nzn_winding_woodlands_5x15_zeroes,
          nzn_winding_woodlands_center_triple_pond,
          nzn_winding_woodlands_5x15_crooked,
          nzn_winding_woodlands_5x5_checkerboard,
          nzn_winding_woodlands_5x5_three, nzn_winding_woodlands_5x15_garden,
          nzn_winding_woodlands_center_pierced_h,
          nzn_winding_woodlands_5x15_pool], layout_chaotic_city,
          elwin_shoals_entry_rooms
Lair:3:   layout_loops_ring, minmay_snake_entry_guardpost_medium,
          beast_lair_carwin_9, grunt_megastairs_1, lemuel_fruit_tree
Lair:4:   dpeg_oklob_gauntlet, layout_regular_city, slime_entry_1,
          gammafunk_ghost_hydra_chop, pond, uniq_kirke
Lair:5:   due_jungle_book, layout_small_grid, serial_bayou_shore_a
Orc:1:    layout_caves, gammafunk_ghost_split
Orc:2:    kennysheep_orc_mage_school, layout_caves, basic_altar,
          nicolae_shop_gadgets

Skill      XL: |  1  2  3  4  5  6  7  8  9 10 11 12 13 14 15 |
---------------+----------------------------------------------+-----
Unarmed Combat | 4 5 6 7 8 10 13 15 16 17 | 17.6
Fighting       | 2 3 5 6 7 8 9 10 12 13 | 13.4
Transmutations | 3 4 |  4.8
Dodging        | 2 3 4 5 6 7 8 |  8.5
Ice Magic      | 1 |  1.9
Armour         | 3 5 6 8 9 10 12 14 | 14.4
Throwing       | 1 2 3 5 |  5.0
Evocations     | 2 3 5 6 7 8 9 |  9.5
Spellcasting   | |  2.0

Action                   |  1- 3 |  4- 6 |  7- 9 | 10-12 | 13-15 | 16-18 || total
-------------------------+-------+-------+-------+-------+-------+-------++-------
Melee: Unarmed           |    67 |    40 |   321 |   367 |   934 |    57 ||  1786
       Headbutt          |     8 |     9 |     3 |       |       |       ||    20
       Tailslap          |     4 |     5 |    45 |    57 |   170 |    13 ||   294
       Kick              |    14 |     9 |     7 |       |       |       ||    30
       Punch             |     2 |     2 |    18 |    30 |   104 |    10 ||   166
       Staff             |     9 |       |       |       |       |       ||     9
       Sling             |       |     7 |       |       |       |       ||     7
 Fire: Sling             |    11 |    42 |       |       |       |       ||    53
Throw: Throwing net      |       |       |     2 |       |       |       ||     2
       Javelin           |       |       |       |       |     1 |       ||     1
 Cast: Beastly Appendage |    22 |    11 |     8 |       |       |       ||    41
       Wereblood         |       |     2 |     1 |       |       |       ||     3
Invok: Berserk           |       |       |     1 |     7 |     6 |     2 ||    16
       Trog's Hand       |       |       |       |     2 |    13 |     1 ||    16
       Brothers in Arms  |       |       |       |       |     3 |       ||     3
 Abil: Rolling Charge    |    24 |     8 |    79 |    57 |   191 |    12 ||   371
       Evoke Blink       |       |       |       |     1 |     7 |       ||     8
Evoke: Wand              |       |    10 |       |       |     2 |       ||    12
  Use: Scroll            |     5 |     1 |    13 |     5 |     7 |       ||    31
       Potion            |       |       |     4 |       |     2 |       ||     6
 Stab: Held in net/web   |       |       |     1 |       |       |       ||     1
Armor: Robe              |    20 |    17 |     7 |       |       |       ||    44
       Gold dragon scale |       |       |   254 |   305 |   607 |    32 ||  1198
       Skin              |       |       |     4 |       |       |       ||     4
Dodge: Dodged            |    28 |    22 |    27 |    74 |   260 |    15 ||   426
       Repelled          |       |       |       |       |     4 |       ||     4
